 Dungeon Crawl Stone Soup version 0.28-a0-850-g09de17f5b5 (webtiles) character file.

Game seed: 14577179840180177941

8279 browni3141 the Fighter (level 11, -40/84 HPs)
             Began as a Djinni Ice Elementalist on Nov 13, 2021.
             Was a Believer of Makhleb.
             Killed from afar by Jorgrun (42 damage)
             ... with an iron shot
             ... on level 1 of the Orcish Mines.
             The game lasted 01:00:22 (17289 turns).

browni3141 the Fighter (Djinni Ice Elementalist)   Turns: 17289, Time: 01:00:23

Health: -40/84     AC:  6    Str:  9    XL:     11   Next: 52%
Gold:   808        EV: 12    Int: 33    God:    Makhleb [**....] SH:  0 Dex: 13

rFire   + + .      SeeInvis .   g - +1 dagger (venom)
rCold   x . .      Faith    .   (no shield)
rNeg    . . .      Spirit   .   N - +1 robe of Fyikkal {rPois Str+2}
rPois   ∞          Reflect  .   B - +0 helmet
rElec   .          Harm     .   a - +0 cloak
rCorr   .          Rampage  .   v - +0 pair of gloves
Will    +....                   (boots unavailable)
Stlth   ++........              s - amulet of the acrobat
HPRegen 0.24/turn               X - +6 ring of intelligence
MPRegen 0.00/turn               E - +6 ring of intelligence

@: grasped by roots, flying, hasted, constricted, very quick
A: sickness immunity, fire resistance 2, cold vulnerability 1, float, innate
caster, hp casting, extra vitality 1
a: Renounce Religion, Minor Destruction


You were on level 1 of the Orcish Mines.
You worshipped Makhleb.
Makhleb was pleased with you.
You visited 3 branches of the dungeon, and saw 11 of its levels.
You also visited: Sewer.

You collected 808 gold pieces.

Inventory:

Hand Weapons
 g - a +1 dagger of venom (weapon)
 C - a +1 dagger of electrocution
 U - a +1 vorpal shortbow
Missiles
 c - 220 stones
 Q - 5 curare-tipped darts (quivered)
 R - 6 poisoned darts
 V - 72 arrows
Armour
 a - a +0 cloak (worn)
 v - a +0 pair of gloves (worn)
 A - a +2 animal skin
 B - a +0 helmet (worn)
 K - a +2 ring mail of fire resistance
 N - the +1 robe of Fyikkal (worn) {rPois Str+2}
   (You found it on level 5 of the Dungeon)

   Str:       It affects your strength (+2).
   rPois:     It protects you from poison.
 Y - the +3 ring mail "Lual Ass" {+Blink rElec}
   (You found it on level 8 of the Dungeon)

   rElec:     It insulates you from electricity.
   +Blink:    It lets you blink.
Magical Staves
 o - a staff of air
Jewellery
 d - a ring of protection from cold
 s - an amulet of the acrobat (around neck)
 E - a +6 ring of intelligence (right hand)
 X - a +6 ring of intelligence (left hand)
 Z - the ring of Fovyjal {rElec rC+ rN+ Int+3 Stlth-}
   (You took it off a centaur on level 8 of the Dungeon)

   [ring of protection from cold]

   Int:       It affects your intelligence (+3).
   rC:        It protects you from cold.
   rElec:     It insulates you from electricity.
   rN:        It protects you from negative energy.
   Stlth:     It makes you less stealthy.
Wands
 b - a wand of polymorph (7)
 H - a wand of iceblast (3)
Scrolls
 h - a scroll of brand weapon
 i - a scroll of acquirement {unknown}
 j - 4 scrolls of vulnerability
 k - 2 scrolls of magic mapping {unknown}
 r - 2 scrolls of torment
 t - 2 scrolls of noise
 u - a scroll of enchant weapon {unknown}
 w - 3 scrolls of fog
 y - 2 scrolls of fear
 F - a scroll of summoning {unknown}
 G - a scroll of immolation {unknown}
 M - a scroll of blinking {unknown}
 O - 2 scrolls of silence {unknown}
 S - a scroll of enchant armour {unknown}
 T - 3 scrolls of teleportation {unknown}
 W - 3 scrolls of identify
Potions
 f - 2 potions of mutation {unknown}
 l - 2 potions of degeneration {unknown}
 m - 2 potions of might {unknown}
 n - a potion of haste
 p - 4 potions of attraction {unknown}
 q - 5 potions of curing
 x - 2 potions of flight {unknown}
 D - a potion of cancellation {unknown}
 I - 3 potions of heal wounds {unknown}
 J - 2 potions of brilliance {unknown}
 L - 4 potions of invisibility {unknown}


   Skills:
 + Level 9.4 Fighting
 * Level 5.2 Short Blades
 - Level 0.1 Throwing
 * Level 3.9 Armour
 * Level 8.3 Dodging
 - Level 1.5 Stealth
 - Level 7.0 Spellcasting
 * Level 3.9 Invocations
 * Level 4.5 Evocations


You couldn't memorise any spells.
You knew the following spells:

 Your Spells              Type           Power      Damage    Failure   Level
a - Freeze                Ice            100%       1d11      1%          1
b - Frozen Ramparts       Ice            100%       1d12      1%          3
c - Ozocubu's Armour      Ice            55%        N/A       1%          3
d - Hailstorm             Conj/Ice       55%        3d12      2%          4
e - Sandblast             Erth           100%       2d20      1%          1
f - Corpse Rot            Necr/Air       100%       N/A       1%          2
g - Tukima's Dance        Hex            55%        N/A       1%          3
h - Passage of Golubria   Tloc           55%        N/A       2%          4
i - Metabolic Englaciati  Hex/Ice        27%        N/A       6%          5
Your spell library was empty.

Dungeon Overview and Level Annotations

Branches:
Dungeon (9/15)             Temple (1/1) D:6            Lair (0/6) D:9
    Orc (1/2) D:9           Sewer (visited)

Altars:
Ashenzari
Cheibriados
Dithmenos
Elyvilon
Fedhas
Gozag
Hepliaklqana
Kikubaaqudgha
Makhleb
Nemelex Xobeh
Okawaru
Qazlal
Ru
Sif Muna
Trog
Uskayaw
Vehumet
Wu Jian
Xom
Yredelemnul
Zin
The Shining One

Shops:
Orc:1 [

Annotations:
Orc:1 Jorgrun


Innate Abilities, Weirdness & Mutations

You are immune to sickness and miasma.
You are immune to poison.
Your flesh is very heat resistant. (rF++)
You are vulnerable to cold. (rC-)
You float through the air rather than walking.
You learn spells naturally, not from books.
Your magical power is your life essence.
You have superior vitality. (+4 HP)


Message History

You shatter!!!
Jorgrun gestures at you while chanting.
Roots burst forth from the earth!
The grasping roots grab you! The grasping roots constrict you!
The grasping roots constrict you! x3
Jorgrun points at you and mumbles some strange words.
The grasping roots constrict you! Jorgrun gestures at you while chanting.
The iron shot hits you!!!
* * * LOW HITPOINT WARNING * * *
The grasping roots constrict you!
* * * LOW HITPOINT WARNING * * *
Jorgrun points at you and mumbles some strange words.
The grasping roots constrict you!
* * * LOW HITPOINT WARNING * * *
You turn to flesh and can move again.
Okay, then.
You are too injured to fight recklessly!
Okay, then.
Casting: Hailstorm (dangerous; 2% risk of failure)
Confirm with . or Enter, or press ? or * to list all spells.
Okay, then.
Casting: Hailstorm (dangerous; 2% risk of failure)
Confirm with . or Enter, or press ? or * to list all spells.
Okay, then.
Okay, then.
Casting: Hailstorm (dangerous; 2% risk of failure)
Confirm with . or Enter, or press ? or * to list all spells.
You don't have enough health to cast this spell.
Unknown command.
Press: ? - help, v - describe, . - travel
Here: Jorgrun, wielding a +0 vorpal quarterstaff and wearing a +0 robe The floor.
As you read the scroll of fear, it crumbles to dust.
You assume a fearsome visage.
Jorgrun resists with almost no effort.
Jorgrun points at you and mumbles some strange words.
The iron shot hits you!!!
Ouch! That really hurt!
You die...

...................#....[.[
......#....>......##....[##
...................#.#...[..
...................#.........
..............................
..............................
..................#..#.....)..
...................##.#.......
............g@................
...................##....#....
.......#......##.....#...##...
##....#.#.### ......#.......
##..###### ##.###.##.## ### #
####


You could see Jorgrun.

Vanquished Creatures
  Pikel (D:4)
  An orc sorcerer (D:9)
  A troll (D:9)
  A hornet (D:9)
  13 yaks
  Eustachio (D:4)
  3 wyverns (D:9)
  A warg (D:9)
  2 water moccasins
  7 orc warriors
  A sky beast (D:5)
  An ice beast (D:6)
  2 black bears (D:8)
  5 ogres
  5 centaurs
  2 necrophages (D:6)
  3 phantoms
  A lemure (D:3)
  2 kobold brigands
  5 bullfrogs
  5 scorpions
  4 howler monkeys
  6 centaur zombies
  A bullfrog zombie (D:6)
  2 jellies
  3 orc priests
  3 hounds
  A gnoll shaman (D:8)
  7 iguanas
  4 orc wizards
  A hound skeleton (D:4)
  Robin (D:4)
  2 howler monkey zombies
  5 adders
  A river rat (Sewer)
  A white imp (D:6)
  An ufetubus (D:7)
  2 worms
  3 dart slugs
  29 orcs
  10 ball pythons
  10 endoplasms
  3 giant cockroaches
  17 goblins
  7 hobgoblins
  3 jackals (D:4)
  4 quokkas
  8 bats
  6 frilled lizards
  18 kobolds
  7 rats
233 creatures vanquished.

Vanquished Creatures (collateral kills)
  2 centaurs
  An orc (D:6)
3 creatures vanquished.

Vanquished Creatures (others)
  A dancing weapon (D:4)
  32 fungi (D:9)
  40 plants (D:9)
73 creatures vanquished.

Grand Total: 309 creatures vanquished

Notes
Turn   | Place    | Note
-------+----------+-------------------------------------------
     0 | D:1      | browni3141 the Djinni Ice Elementalist began the quest for
                  | the Orb.
     0 | D:1      | Reached XP level 1. HP: 15/15 MP: 0/0
    81 | D:1      | aa
   152 | D:1      | Reached XP level 2. HP: 7/21 MP: 0/0
   667 | D:1      | Found a faded altar of an unknown god.
  1213 | D:2      | Reached XP level 3. HP: 19/25 MP: 0/0
  1213 | D:2      | Learned a level 1 spell: Sandblast
  2275 | D:2      | Reached XP level 4. HP: 31/31 MP: 0/0
  2510 | D:2      | Found a blossoming altar of Fedhas.
  3047 | D:3      | Reached skill level 1 in Fighting
  3334 | D:3      | Noticed an ogre
  3880 | D:4      | Noticed Eustachio
  3880 | D:4      | Noticed a phantom
  3933 | D:4      | Noticed an ogre
  4385 | D:4      | Noticed a scorpion
  4388 | D:4      | Killed a scorpion
  4389 | D:4      | Reached skill level 2 in Fighting
  4389 | D:4      | Reached XP level 5. HP: 32/39 MP: 0/0
  4389 | D:4      | Learned a level 2 spell: Corpse Rot
  4549 | D:4      | Noticed a lemure
  4554 | D:4      | Noticed an ogre
  4572 | D:4      | Noticed a lemure
  4572 | D:4      | Noticed Pikel
  4592 | D:4      | Noticed a lemure
  4593 | D:4      | Noticed a lemure
  5157 | D:3      | Killed a lemure
  5307 | D:4      | Noticed Robin
  5316 | D:4      | Reached skill level 3 in Fighting
  5595 | D:4      | Killed Robin
  5799 | D:4      | Killed Eustachio
  5800 | D:4      | Reached skill level 4 in Fighting
  5800 | D:4      | Reached XP level 6. HP: 31/49 MP: 0/0
  5957 | D:4      | Reached skill level 5 in Fighting
  5957 | D:4      | Reached XP level 7. HP: 35/54 MP: 0/0
  5957 | D:4      | Learned a level 3 spell: Tukima's Dance
  6085 | D:4      | Killed Pikel
  6086 | D:4      | Reached skill level 7 in Fighting
  6086 | D:4      | Reached XP level 8. HP: 56/65 MP: 0/0
  6182 | D:4      | Reached skill level 8 in Fighting
  7206 | D:5      | Entered Level 5 of the Dungeon
  7469 | D:5      | Reached skill level 1 in Short Blades
  7526 | D:5      | Found a glowing drain.
  7531 | Sewer    | Entered a sewer
  8133 | D:5      | Reached XP level 9. HP: 52/71 MP: 0/0
  8133 | D:5      | Learned a level 4 spell: Passage of Golubria
  8133 | D:5      | Identified the +1 robe of Fyikkal {rPois Str+2}
  8415 | D:6      | Reached skill level 1 in Evocations
  9535 | D:6      | Reached skill level 5 in Spellcasting
  9779 | D:6      | Found a staircase to the Ecumenical Temple.
 10754 | Temple   | Entered the Ecumenical Temple
 10981 | Temple   | Became a worshipper of Makhleb the Destroyer
 11045 | D:7      | Reached skill level 5 in Dodging
 12281 | D:8      | Reached XP level 10. HP: 40/77 MP: 0/0
 12593 | D:8      | Reached skill level 1 in Invocations
 12622 | D:8      | Reached skill level 9 in Fighting
 12622 | D:8      | Reached skill level 1 in Armour
 12860 | D:8      | Found a blossoming altar of Fedhas.
 12861 | D:8      | Found a bloodstained altar of Trog.
 12861 | D:8      | Found an iron altar of Okawaru.
 12992 | D:8      | Identified the +3 ring mail "Lual Ass" {+Blink rElec}
 13070 | D:8      | Reached * piety under Makhleb
 13095 | D:8      | Identified the ring of Fovyjal {rElec rC+ rN+ Int+3 Stlth-}
 14310 | D:8      | Reached XP level 11. HP: 34/84 MP: 0/0
 14310 | D:8      | Learned a level 5 spell: Metabolic Englaciation
 14960 | D:9      | Reached ** piety under Makhleb
 14968 | D:9      | Found a staircase to the Orcish Mines.
 15094 | D:9      | Reached skill level 5 in Short Blades
 15252 | D:9      | Found a staircase to the Lair.
 15387 | Orc:1    | Entered Level 1 of the Orcish Mines
 15676 | Orc:1    | Noticed an orc sorcerer
 15685 | Orc:1    | Noticed a sun demon
 16125 | Orc:1    | Paralysed by an orc sorcerer for 5 turns
 16138 | D:9      | Noticed a soul eater
 16143 | D:9      | Killed an orc sorcerer
 16387 | Orc:1    | HP: 3/84 [troll (10)]
 17245 | Orc:1    | Found Lotiegguera's Armour Emporium.
 17271 | Orc:1    | Noticed Jorgrun
 17288 | Orc:1    | HP: 2/84 [constriction (3)]
 17289 | Orc:1    | Killed from afar by Jorgrun

Illustrated notes PP≈

###.#.....######.#
##. #...#.#...#
#...#
#.....#.#.####.###
........#.....#....#
######.####.###.####
........# #.###
############...#####
.................
.........@S......
....#####........ ..
......... #.........
#.........
#.........
#.######## #?


Turn 81 on D:1: aa

Levels and vault maps discovered:
D:1:      psy_arrival_conway, layout_basic,
          shapermc_ecumenical_altar_notcrosses, dk_noncrumbling_4,
          minmay_misc_feat_hallway, palyth_stone_intersect
D:2:      layout_basic, basic_altar
D:3:      layout_basic
D:4:      layout_loops_ring, minivault_26, hangedman_decor_peaks_small,
          minmay_strange_pillars, minmay_ogre_servants, uniq_eustachio,
          uniq_robin, uniq_pikel
D:5:      layout_cave_pools, portal_sewer_entry_e
D:6:      minmay_recursive_quarters, layout_gridville, minmay_temple_entry_grid
D:7:      layout_basic, minmay_hedge_maze
D:8:      layout_loops_ring, chequers_temple_overflow_statue_of_worship,
          minmay_fractal_squares_5
D:9:      layout_big_octagon, due_lair_maze_entry_diamond, david_orc_2,
          minmay_holes
Temple:   mainiacjoe_temple_bowtie_tessellation
Orc:1:    layout_caves, serial_shops, nicolae_shop_trees, uniq_jorgrun

Skill      XL: |  1  2  3  4  5  6  7  8  9 10 11 |
---------------+----------------------------------+-----
Dodging        | 3 5 6 8 |  8.3
Fighting       | 2 4 5 7 8 9 |  9.4
Spellcasting   | 4 5 7 |  7.0
Short Blades   | 1 3 4 5 |  5.2
Evocations     | 2 3 4 |  4.5
Invocations    | 3 |  3.9
Armour         | 2 3 |  3.9
Throwing       | |  0.1
Stealth        | |  1.5

Action                   |  1- 3 |  4- 6 |  7- 9 | 10-12 || total
-------------------------+-------+-------+-------+-------++-------
Melee: Dagger            |    64 |   109 |   291 |   170 ||   634
       Falchion          |       |       |     4 |       ||     4
Throw: Stone             |     6 |     6 |     2 |       ||    14
       Dart              |       |       |       |     4 ||     4
 Cast: Freeze            |     9 |     7 |    23 |    22 ||    61
       Sandblast         |       |     9 |    31 |    18 ||    58
       Frozen Ramparts   |       |     5 |     3 |    15 ||    23
       Ozocubu's Armour  |       |     4 |       |    13 ||    17
       Corpse Rot        |       |     1 |     3 |     3 ||     7
       Tukima's Dance    |       |       |    15 |     3 ||    18
       Hailstorm         |       |       |     2 |     9 ||    11
       Passage of Golubr |       |       |     2 |       ||     2
       Metabolic Englaci |       |       |       |     2 ||     2
  Use: Scroll            |       |       |     7 |     2 ||     9
       Potion            |       |       |       |     2 ||     2
 Stab: Sleeping          |     4 |     5 |     4 |       ||    13
       Distracted        |       |       |     1 |       ||     1
Armor: Robe              |    14 |    25 |    64 |    49 ||   152
       Animal skin       |       |     1 |    38 |       ||    39
Dodge: Dodged            |    61 |   109 |   240 |   264 ||   674

Table legend: (Time is in decaauts)
 A = Elapsed time spent in this place.
 B = Non-inter-level travel time spent in this place.
 C = Inter-level travel time spent in this place.
 D = Time resting spent in this place.
 E = Time spent auto-exploring this place.
 F = Levels seen in this place.
 G = Mean time per level.
                   A        B        C        D        E       F      G
               +--------+--------+--------+--------+--------+-----+--------+
         Total |  17239 |  16233 |   1006 |   2767 |   9877 |  12 | 1436.6 |
       Dungeon |  16060 |  15054 |   1006 |   2678 |   9090 |   9 | 1784.4 |
        Temple |    261 |    261 |      0 |      0 |    205 |   1 |  261.0 |
  Orcish Mines |    508 |    508 |      0 |      2 |    395 |   1 |  508.0 |
         Sewer |    408 |    408 |      0 |     87 |    187 |   1 |  408.0 |
               +--------+--------+--------+--------+--------+-----+--------+

Top non-repeatable levels by time:
     D:3: 2659 daAuts
     D:9: 2346 daAuts
     D:8: 2230 daAuts
     D:6: 1953 daAuts
     D:4: 1670 daAuts
     D:1: 1578 daAuts
     D:2: 1375 daAuts
     D:7: 1128 daAuts
     D:5: 1118 daAuts
   Orc:1: 508 daAuts
   Sewer: 408 daAuts
  Temple: 261 daAuts
